 Dungeon Crawl Stone Soup version 0.27-a0-1193-g8631133539 (webtiles) character file.

Game seed: 16873247415426338092

535 snetch the Chopper (level 7, -12/62 HPs)
             Began as a Minotaur Berserker on May 26, 2021.
             Was a Believer of Trog.
             Mangled by a mummy (15 damage)
             ... in an ossuary.
             The game lasted 00:03:31 (942 turns).

snetch the Chopper (Minotaur Berserker)              Turns: 942, Time: 00:03:32

Health: -12/62     AC:  5    Str: 23    XL:     7   Next: 4%
Magic:  6/6        EV: 11    Int:  4    God:    Trog [**....]
Gold:   78         SH:  0    Dex: 10    Spells: 6/6 levels left

rFire    . . .     SeeInvis .   a - +0 hand axe
rCold    . . .     Faith    .   (no shield)
rNeg     . . .     Spirit   .   g - +0 ring mail
rPois    .         Reflect  .   (helmet restricted)
rElec    .         Harm     .   (no cloak)
rCorr    .         Rampage  .   (no gloves)
Will     ++...                  (no boots)
Stlth    ..........             (no amulet)
HPRegen  1.20/turn              (no ring)
MPRegen  0.10/turn              (no ring)

@: strong-willed (expiring), on berserk cooldown, regenerating (expiring),
slowed, very slow
A: horns 2, retaliatory headbutt
a: Renounce Religion, Berserk, Trog's Hand


You were in an ossuary.
You worshipped Trog.
Trog was pleased with you.
You visited 1 branch of the dungeon, and saw 6 of its levels.
You also visited: Ossuary.

You collected 78 gold pieces.

Inventory:

Hand Weapons
 a - a +0 hand axe (weapon)
Missiles
 c - 8 boomerangs
Armour
 g - a +0 ring mail (worn)
 h - a +0 plate armour
 i - a +0 pair of gloves
 j - a +0 cloak
 l - a +0 chain mail
Scrolls
 f - 2 scrolls of identify {unknown}
Potions
 b - a potion of cancellation {unknown}
 d - a potion of heal wounds {unknown}
 e - a potion of resistance {unknown}
 k - a potion of berserk rage {unknown}


   Skills:
 + Level 5.7 Fighting
 + Level 7.2 Axes
 + Level 4.1 Armour
 + Level 3.4 Dodging
 + Level 0.1 Stealth


You had 6 spell levels left.
You didn't know any spells.
Your spell library was empty.

Dungeon Overview and Level Annotations

Branches:
Dungeon (6/15)             Temple (0/1) D:4         Ossuary (1/1)

Altars:
Dithmenos

Annotations:
D:5 2 transporters, mandarbmax's ghost, novice OpVM


Innate Abilities, Weirdness & Mutations

You have a pair of horns on your head.
You reflexively headbutt those who attack you in melee.


Message History

The elf zombie is almost destroyed.
You slash the elf zombie!
Unknown command.
You slash the elf zombie!
You destroy the elf zombie!
Trog accepts your kill.
You hit the elf zombie but do no damage.
The elf zombie hits you.
* * * LOW HITPOINT WARNING * * *
Your Axes skill increases to level 7!
You hit the elf zombie.
The elf zombie is almost destroyed.
You slash the elf zombie!
You destroy the elf zombie!
Trog accepts your kill.
Your Armour skill increases to level 4!
You have reached level 7!
You start resting.
You feel a strong urge to attack something.
Okay, then.
You feel your anger nearly subside.
You are no longer berserk.
You are exhausted.
You feel yourself slow down.
Your skin crawls.
You feel strong-willed.
A mummy comes into view.
Found a gate leading back out of this place.
You hit the mummy but do no damage. You hit the mummy but do no damage.
You feel the effects of Trog's Hand fading.
The mummy hits you!
* * * LOW HITPOINT WARNING * * *
You hit the mummy.
The mummy is lightly damaged.
The mummy hits you!
* * * LOW HITPOINT WARNING * * *
You hit the mummy but do no damage. Your headbutt misses the mummy.
The mummy is lightly damaged.
The mummy hits you!
You die...

##############
+...........∩ ..
#........... ....
#.........#####.....
....................
......M@............
...##...............
##...............
...................
...................
#..................
#..........∩.......
#..........∩.......
...................


You could see a mummy.

Vanquished Creatures
  A phantom (D:6)
  2 elf zombies (Ossuary)
  A scorpion (D:4)
  A water moccasin skeleton (D:5)
  A bullfrog zombie (D:5)
  A centaur zombie (D:6)
  A centaur skeleton (D:6)
  2 bullfrog skeletons
  A jelly (D:5)
  A white imp (D:6)
  3 adder zombies (Ossuary)
  A dart slug (D:1)
  A ball python (D:1)
  A bat (D:3)
  A goblin (D:1)
  3 hobgoblins
  A frilled lizard (D:1)
  A goblin zombie (Ossuary)
  2 jackal zombies (Ossuary)
  A kobold (D:4)
  A kobold zombie (Ossuary)
  An orc zombie (Ossuary)
  2 rat zombies (Ossuary)
31 creatures vanquished.

Vanquished Creatures (others)
  2 fungi (D:1)
  5 plants (D:4)
7 creatures vanquished.

Grand Total: 38 creatures vanquished

Notes
Turn   | Place    | Note
-------+----------+-------------------------------------------
     0 | D:1      | snetch the Minotaur Berserker began the quest for the Orb.
     0 | D:1      | Reached XP level 1. HP: 19/19 MP: 0/0
   195 | D:3      | Reached XP level 2. HP: 21/27 MP: 1/1
   216 | D:3      | You fall into a shaft and drop 3 floors!
   224 | D:6      | Noticed a phantom
   230 | D:6      | Reached skill level 4 in Axes
   240 | D:6      | Killed a phantom
   241 | D:6      | Reached skill level 5 in Fighting
   241 | D:6      | Reached XP level 3. HP: 20/36 MP: 2/2
   241 | D:6      | Reached XP level 4. HP: 23/42 MP: 3/3
   279 | D:6      | Reached skill level 5 in Axes
   309 | D:6      | Reached XP level 5. HP: 25/48 MP: 4/4
   474 | D:6      | Noticed a sky beast
   477 | D:5      | Entered Level 5 of the Dungeon
   551 | D:5      | Found a transporter.
   552 | D:5      | Noticed mandarbmax's ghost (novice OpVM)
   558 | D:5      | Reached skill level 6 in Axes
   582 | D:5      | Found a transporter.
   728 | D:5      | Reached XP level 6. HP: 56/56 MP: 5/5
   832 | D:4      | Found a staircase to the Ecumenical Temple.
   837 | D:4      | Found a shadowy altar of Dithmenos.
   890 | D:4      | Found a sand-covered staircase.
   895 | Ossuary  | Entered an ossuary
   905 | Ossuary  | Reached ** piety under Trog
   926 | Ossuary  | Reached skill level 7 in Axes
   928 | Ossuary  | Reached XP level 7. HP: 8/62 MP: 6/6
   941 | Ossuary  | HP: 1/62 [mummy (14)]
   942 | Ossuary  | Mangled by a mummy

Illustrated notes

Levels and vault maps discovered:
D:1:      tarquinn_simple_flora_water_d, layout_rooms, roderic_lattice_a,
          chequers_serial_rivers_marsh, minmay_split_cup_small
D:2:      layout_basic, shapermc_ecumenical_altar_gd
D:3:      layout_rooms, gup_sewer_entry_bubbles, minmay_strange_pillars,
          grunt_decor_junction
D:4:      layout_cave_pods, grunt_dithmenos_smoke_and_mirrors,
          minmay_temple_entry_butterflies, enter_ossuary_2, serial_bayou,
          serial_bayou_ford_a, serial_bayou_shore_a, serial_bayou_lagoon_a,
          serial_bayou_crossing
D:5:      layout_basic, gammafunk_ghost_mausoleum, uniq_duvessa
D:6:      kennysheep_steamy, layout_loops_ring, kennysheep_mini_moat,
          chequers_avenue
Ossuary:  ossuary_minmay_tomb_2a

Skill      XL: |  1  2  3  4  5  6 |
---------------+-------------------+-----
Fighting       | 4 5 |  5.7
Axes           | 4 5 6 7 |  7.2
Armour         | 3 4 |  4.1
Dodging        | 3 |  3.4
Stealth        | |  0.1

Action                   |  1- 3 |  4- 6 |  7- 9 || total
-------------------------+-------+-------+-------++-------
Melee: Hand axe          |    32 |    59 |     4 ||    95
       Headbutt          |     5 |    18 |       ||    23
Invok: Berserk           |     1 |     1 |       ||     2
       Trog's Hand       |       |       |     1 ||     1
Armor: Animal skin       |     4 |       |       ||     4
       Ring mail         |     3 |    23 |       ||    26
Dodge: Dodged            |    22 |    48 |       ||    70

Table legend: (Time is in decaauts)
 A = Elapsed time spent in this place.
 B = Non-inter-level travel time spent in this place.
 C = Inter-level travel time spent in this place.
 D = Time resting spent in this place.
 E = Time spent auto-exploring this place.
 F = Levels seen in this place.
 G = Mean time per level.
                   A        B        C        D        E       F      G
               +--------+--------+--------+--------+--------+-----+--------+
         Total |    952 |    952 |      0 |      1 |    503 |   7 |  136.0 |
       Dungeon |    905 |    905 |      0 |      0 |    503 |   6 |  150.8 |
       Ossuary |     46 |     46 |      0 |      1 |      0 |   1 |   46.0 |
               +--------+--------+--------+--------+--------+-----+--------+

Top non-repeatable levels by time:
     D:5: 353 daAuts
     D:6: 270 daAuts
     D:1: 165 daAuts
     D:4: 63 daAuts
 Ossuary: 46 daAuts
     D:3: 28 daAuts
     D:2: 23 daAuts
